 Dungeon Crawl Stone Soup version 0.23.2-1-ga50397a6bc (webtiles) character file.

Game seed: 9562105736402628394

8642 Revguard the Blocker (level 11, -6/89 HPs)
             Began as a Formicid Fighter on Apr 26, 2019.
             Was an Elder of Okawaru.
             Mangled by an 11-headed hydra (10 damage)
             ... on level 11 of the Dungeon.
             The game lasted 00:31:25 (8894 turns).

Revguard the Blocker (Formicid Fighter)             Turns: 8894, Time: 00:31:26

Health: -6/89      AC: 25    Str: 26    XL:     11   Next: 59%
Magic:  12/14      EV: 14    Int: 12    God:    Okawaru [****..]
Gold:   809        SH: 15    Dex: 15    Spells: 10/10 levels left

rFire    . . .     SeeInvis +   s - +0 battleaxe
rCold    . . .     Gourm    .   c - +0 shield
rNeg     . . .     Faith    .   e - +1 plate armour
rPois    .         Spirit   .   (helmet unavailable)
rElec    +         Reflect  .   x - +0 cloak
rCorr    .         Harm     .   p - +2 pair of gloves
MR       +....                  h - +0 pair of boots
Stlth    ..........             (no amulet)
HPRegen  0.24/turn              B - ring of Bygriut {+Blink +Inv +Fly rElec Int+4}
MPRegen  0.14/turn              (no ring)

@: mighty, heroism
A: permanent stasis, dig shafts and tunnels, four strong arms, antennae 3,
molten scales 1, agile 1, low mp 1, screaming 1
a: Dig, Shaft Self, Heroism, Renounce Religion, Evoke Invisibility, Evoke Flight


You were on level 11 of the Dungeon.
You worshipped Okawaru.
Okawaru was greatly pleased with you.
You were not hungry.

You visited 2 branches of the dungeon, and saw 12 of its levels.
You also visited: Ossuary.

You collected 809 gold pieces.

Inventory:

Hand Weapons
 a - a +1 war axe
 s - a +0 battleaxe (weapon)
Armour
 c - a +0 shield (worn)
 e - a +1 plate armour (worn)
 h - a +0 pair of boots (worn)
 p - a +2 pair of gloves (worn)
 x - a +0 cloak (worn)
Jewellery
 r - an uncursed amulet of magic regeneration
 u - an uncursed ring of wizardry
 A - an uncursed ring of stealth
 B - the ring of Bygriut (left hand) {+Blink +Inv +Fly rElec Int+4}
   (You found it on level 6 of the Dungeon)

   [ring of flight]

   It affects your intelligence (+4).
   It insulates you from electricity.
   It lets you turn invisible.
   It lets you fly.
   It lets you blink.
 E - an uncursed ring of ice
Wands
 v - a wand of enslavement (3)
 z - a wand of digging (11)
 C - a wand of flame (25)
Scrolls
 g - 8 scrolls of fog
 j - a scroll of fear
 k - a scroll of immolation
 l - 2 scrolls of remove curse
 m - 3 scrolls of enchant armour
 o - 6 scrolls of teleportation
 q - 2 scrolls of noise
 y - a scroll of magic mapping
Potions
 b - 2 potions of brilliance
 n - 5 potions of curing
 t - 5 potions of haste
 w - 4 potions of heal wounds
Comestibles
 f - 15 rations


   Skills:
 + Level 9.3(14.3) Fighting
 + Level 10.2(15.2) Axes
 + Level 7.6(12.6) Armour
 + Level 6.3(11.3) Dodging
 + Level 10.8(15.8) Shields
 + Level 6.1 Invocations
 * Level 4.4 Evocations


You had 10 spell levels left.
You didn't know any spells.
Your spell library was empty.

Dungeon Overview and Level Annotations

Branches:
Dungeon (11/15)            Temple (1/1) D:5            Lair (0/6) D:10
    Orc (0/2) D:10

Altars:
Ashenzari
Cheibriados
Dithmenos
Elyvilon
Fedhas
Gozag
Hepliaklqana
Kikubaaqudgha
Makhleb
Nemelex Xobeh
Okawaru
Qazlal
Ru
Sif Muna
Trog
Uskayaw
Vehumet
Wu Jian
Xom
Yredelemnul
Zin
The Shining One

Shops:
D:5 [   D:7 =


Innate Abilities, Weirdness & Mutations

You cannot be hasted, slowed, berserked, paralysed or teleported.
You can dig through walls and to a lower floor.
Your four strong arms can wield two-handed weapons with a shield.
You have a pair of large antennae on your head. (SInv)
You are partially covered in molten scales. (AC +2)
You are agile. (Dex +2)
Your magical capacity is low. (-10% MP)
You occasionally shout uncontrollably at your foes.


Message History

* * * LOW HITPOINT WARNING * * *
You block the ten-headed hydra's attack.
The ten-headed hydra completely misses you.
The ten-headed hydra bites you!
* * * LOW HITPOINT WARNING * * *
The ten-headed hydra bites you.
* * * LOW HITPOINT WARNING * * *
The ten-headed hydra closely misses you.
The ten-headed hydra barely misses you.
You chop one of the ten-headed hydra's heads off!
The nine-headed hydra grows two more!
You slice the 11-headed hydra!!
The 11-headed hydra is moderately wounded.
You block the 11-headed hydra's attack. The 11-headed hydra bites you.
* * * LOW HITPOINT WARNING * * *
The 11-headed hydra completely misses you.
You block the 11-headed hydra's attack. The 11-headed hydra bites you!
* * * LOW HITPOINT WARNING * * *
The 11-headed hydra bites you but does no damage.
You block the 11-headed hydra's attack. The 11-headed hydra bites you!
You die...

... #. ..# .
#.### .?. #.
.....##.# ###.#.
......... ......
#.....#.#######.
###.##
#.............^.
................
#......@.......
.
######.D.......
#. #. #.######..
#.##.## #..#
...#... ##.##
#..... #..# #..#
#..... ##.# #..#
#..... #.## #..#
#.....
##..###..#
#.....


You could see a 11-headed hydra.

Vanquished Creatures
  A two-headed ogre (D:10)
  2 ugly things (D:11)
  2 cyclopes (D:11)
  A komodo dragon (D:10)
  3 hippogriffs
  6 yaks (D:11)
  A hungry ghost (D:10)
  A water moccasin (D:10)
  2 orc warriors
  2 ice beasts
  2 sky beasts
  A black bear (D:9)
  A phantom (D:6)
  An ogre (D:10)
  6 centaurs
  3 necrophages
  5 bullfrogs
  A gnoll sergeant (D:7)
  A scorpion (D:8)
  6 killer bees (D:7)
  6 wights
  An electric eel (D:11)
  A howler monkey (D:10)
  2 crimson imps (D:7)
  3 bullfrog zombies
  8 orc priests
  6 hounds
  2 centaur skeletons
  3 bullfrog skeletons
  2 jellies
  11 orc wizards
  2 iguanas
  6 worker ants
  8 mummies (Ossuary)
  A worker ant zombie (D:6)
  A hound skeleton (D:6)
  5 gnolls (D:7)
  13 adders
  6 shadow imps
  4 oozes
  An adder skeleton (D:4)
  2 worms (D:2)
  2 dart slugs (D:1)
  6 leopard geckos
  36 orcs
  6 giant cockroaches
  5 goblins
  10 hobgoblins
  4 jackals
  7 kobolds
  2 quokkas
  3 ball pythons
  7 bats
  4 frilled lizards
  A gnoll zombie (Ossuary)
  A hobgoblin zombie (Ossuary)
  2 kobold zombies (Ossuary)
  4 orc zombies (Ossuary)
  8 rats
250 creatures vanquished.

Vanquished Creatures (others)
  A plant (D:10)
1 creature vanquished.

Grand Total: 251 creatures vanquished

Notes
Turn   | Place    | Note
-------+----------+-------------------------------------------
     0 | D:1      | Revguard the Formicid Fighter began the quest for the Orb.
     0 | D:1      | Reached XP level 1. HP: 18/18 MP: 1/1
    22 | D:1      | Reached XP level 2. HP: 13/24 MP: 2/2
   431 | D:1      | Reached XP level 3. HP: 29/29 MP: 3/3
   982 | D:2      | Found a stormy altar of Qazlal.
   982 | D:2      | Found a burning altar of Makhleb.
   992 | D:2      | Reached XP level 4. HP: 11/37 MP: 4/4
  1260 | D:2      | Reached XP level 5. HP: 49/49 MP: 5/5
  1604 | D:3      | Noticed an ice beast
  1615 | D:3      | Killed an ice beast
  1615 | D:3      | Reached XP level 6. HP: 50/56 MP: 6/6
  1655 | D:3      | Reached skill level 5 in Invocations
  1655 | D:3      | Reached XP level 7. HP: 62/62 MP: 6/11
  2478 | D:4      | Reached XP level 8. HP: 29/68 MP: 12/12
  2940 | D:5      | Entered Level 5 of the Dungeon
  2940 | D:5      | Found Xicid's Antique Armour Boutique.
  2984 | D:5      | Found a sand-covered staircase.
  2987 | D:5      | Reached skill level 1 in Evocations
  3001 | Ossuary  | Entered an ossuary
  3645 | D:5      | Found a staircase to the Ecumenical Temple.
  3657 | Temple   | Entered the Ecumenical Temple
  3912 | Temple   | Became a worshipper of Warmaster Okawaru
  4436 | D:6      | Reached XP level 9. HP: 38/75 MP: 13/13
  4675 | D:6      | Got a twitching ivory ring
  4677 | D:6      | Identified the ring of Bygriut {+Blink +Inv +Fly rElec
                  | Int+4} (You found it on level 6 of the Dungeon)
  4699 | D:6      | Reached * piety under Okawaru
  4879 | D:6      | Found a glowing silver altar of Zin.
  4882 | D:6      | Found a blossoming altar of Fedhas.
  4885 | D:6      | Found a shattered altar of Ashenzari.
  4888 | D:6      | Found a sacrificial altar of Ru.
  5140 | D:7      | Found a sparkling altar of Nemelex Xobeh.
  5140 | D:7      | Found an opulent altar of Gozag.
  5444 | D:7      | Noticed a hippogriff
  5455 | D:7      | Killed a hippogriff
  5661 | D:7      | Reached ** piety under Okawaru
  5677 | D:7      | Reached XP level 10. HP: 34/82 MP: 12/14
  5958 | D:7      | Found Fiogg's Jewellery Shop.
  6256 | D:7      | Reached skill level 10 in Shields
  7281 | D:9      | Reached *** piety under Okawaru
  7584 | D:10     | Entered Level 10 of the Dungeon
  7584 | D:10     | Noticed a two-headed ogre
  7589 | D:10     | Found a staircase to the Lair.
  7589 | D:10     | Noticed a komodo dragon
  7605 | D:10     | Killed a komodo dragon
  7612 | D:10     | Killed a two-headed ogre
  7661 | D:10     | Reached **** piety under Okawaru
  7671 | D:10     | Gained mutation: You occasionally shout uncontrollably at
                  | your foes. [potion of mutation]
  7671 | D:10     | Gained mutation: Your magical capacity is low. (-10% MP)
                  | [potion of mutation]
  7671 | D:10     | Gained mutation: You are partially covered in molten
                  | scales. (AC +2) [potion of mutation]
  7671 | D:10     | Gained mutation: You are agile. (Dex +2) [potion of
                  | mutation]
  7717 | D:10     | Reached XP level 11. HP: 65/87 MP: 14/14
  7796 | D:10     | Found a staircase to the Orcish Mines.
  8120 | D:11     | Noticed a cyclops
  8123 | D:11     | Noticed a cyclops
  8125 | D:11     | Noticed a brown ugly thing
  8129 | D:11     | Killed a cyclops
  8150 | D:11     | Killed a cyclops
  8165 | D:11     | Killed a brown ugly thing
  8331 | D:11     | Noticed a red ugly thing
  8347 | D:11     | Killed a red ugly thing
  8486 | D:11     | Reached skill level 10 in Axes
  8504 | D:11     | Received a gift from Okawaru
  8878 | D:11     | Noticed a five-headed hydra
  8894 | D:11     | HP: 4/89 [11-headed hydra (9)]
  8894 | D:11     | Mangled by an 11-headed hydra

Skill      XL: |  1  2  3  4  5  6  7  8  9 10 11 |
---------------+----------------------------------+-----
Shields        | 4 9 10 | 10.8
Fighting       | 8 9 |  9.3
Axes           | 7 8 9 10 | 10.2
Armour         | 6 7 |  7.6
Dodging        | 6 |  6.3
Invocations    | 5 6 |  6.1
Evocations     | 1 2 3 4 |  4.4

Action                   |  1- 3 |  4- 6 |  7- 9 | 10-12 || total
-------------------------+-------+-------+-------+-------++-------
Melee: War axe           |    83 |    64 |   349 |   281 ||   777
       Battleaxe         |       |       |       |    49 ||    49
Invok: Heroism           |       |       |     1 |     4 ||     5
 Abil: Dig               |       |       |     5 |     1 ||     6
Evoke: Wand              |       |       |       |     2 ||     2
  Use: Scroll            |       |     3 |     3 |    13 ||    19
       Potion            |       |     3 |     5 |     8 ||    16
  Eat: Chunk             |       |     3 |     9 |     9 ||    21
       Ration            |       |       |     1 |     2 ||     3
Armor: Scale mail        |    30 |       |       |       ||    30
       Chain mail        |    41 |     9 |       |       ||    50
       Plate armour      |       |    19 |   176 |   195 ||   390
       Skin              |       |       |    35 |     4 ||    39
Dodge: Dodged            |    43 |    21 |   159 |   135 ||   358
Block: Shield            |    60 |    35 |   298 |   257 ||   650
